[Event "GrandPrix_30.05"]
[Site "Chess.com"]
[Date "2020.05.30"]
[Round "3"]
[White "AsadliVugar"]
[Black "Alexander_Donchenko"]
[Result "1-0"]
[WhiteElo "2535"]
[BlackElo "2671"]
[TimeControl "600+2"]
[EndTime "9:22:50 PDT"]
[Termination "AsadliVugar won by resignation"]

1. e4 c6 2. Nf3 d5 3. exd5 cxd5 4. Ne5 a6 5. d4 Nc6 6. c3 g6 7.
Bd3 Bg7 8. f4 Nh6 9. Nd2 O-O 10.
O-O Bf5 11. Ndf3 Bxd3 12. Nxd3 Nf5 13. Nfe5 f6 14. Nxc6 bxc6 15. g4 Nd6 16. f5 Ne4 17. Nf4 Qb6 18. Ne6 Rfc8 19. Qb3 Rab8 20. Qxb6 Rxb6 21.
Rf3 a5 22. b3 Ra6 23. Bf4 Ra7 24. Re1 Rb7 25. Rxe4 dxe4 26. Re3 Kf7 27. Rxe4 gxf5 28. gxf5 Rb5 29. Nc5 Rd8 30. a4 Rxc5 31. dxc5 Rd5 32. b4 Rxf5 33. bxa5 Rxc5 34. Bc7 f5 35. a6 fxe4 36.
a7 Bxc3 37. a8=Q e3 38. Kf1 Bd4 39. Ke2 Rc2+ 40. Kd3 Rd2+ 41. Ke4 e2 42. Bg3 Bf6 43. Qxc6 e1=Q+ 44. Bxe1 Re2+ 45. Kd3 Rxe1 46. a5 Rd1+ 47. Kc2 Ra1 48. a6 Kg7 49. Qb6 Ra2+ 50. Kd3 Rxh2 51.
a7 Rh3+ 52. Ke2 Ra3 53. Qb7 h5 54. a8=Q Rxa8 55. Qxa8 h4 56. Kf3 Kg6 57. Kg4 Kf7 58.
Qd5+ Kg7 59. Kf5 Bc3 60. Qg2+ Kf8 61. Ke6 1-0

[Event "GrandPrix_30.05"]
[Site "Chess.com"]
[Date "2020.05.30"]
[Round "3"]
[White "Martin_Petrov2000"]
[Black "Magicmaster17"]
[Result "1-0"]
[WhiteElo "2189"]
[BlackElo "2361"]
[TimeControl "600+2"]
[EndTime "9:22:55 PDT"]
[Termination "Martin_Petrov2000 won by resignation"]

1. e4 e5 2. Nf3 Nc6 3. Bc4 Nf6 4. d3 Bc5 5. O-O a6 6. c3 Ba7 7. a4 O-O 8. h3 d6 9. Nbd2 Re8 10.
Re1 Be6 11. Bxe6 Rxe6 12. b4 h6 13. Qc2 Qd7 14. Nf1 d5 15. Bd2 dxe4 16. dxe4 Rd8 17. b5 Ne7 18. Red1 Qd3 19. Qxd3 Rxd3 20. Be3 Rxd1 21.
Rxd1 Bxe3 22. Nxe3 Nxe4 23. Rd8+ Kh7 24. c4 Nc5 25. a5 b6 26. Nd5 bxa5 27. Nxc7 Rb6 28.
Nxe5 a4 29. Nd3 Nxd3 30. bxa6 Nc6 31. Rxd3 Rb3 32. Rd2 a3 33. Ra2 Rc3 34. Nb5 Rxc4 35. Rxa3 Rc1+ 36. Kh2 Rc2 37. Kg3 Rb2 38. a7 Nxa7 39.
Nxa7 Rb6 40. Rc3 Rg6+ 41. Kh2 Rf6 42. Rc2 1-0

[Event "GrandPrix_30.05"]
[Site "Chess.com"]
[Date "2020.05.30"]
[Round "3"]
[White "Velis23"]
[Black "Bacyanide"]
[Result "0-1"]
[WhiteElo "2156"]
[BlackElo "2431"]
[TimeControl "600+2"]
[EndTime "9:22:55 PDT"]
[Termination "Bacyanide won by resignation"]

1. d4 d5 2. Bf4 c5 3. e3 Nc6 4. c3 Qb6 5. Qb3 c4 6. Qc2 Bf5 7. Qxf5 Qxb2 8. Qxd5 Qxa1 9. Qb5 O-O-O 10. Bxc4 e5 11. Nf3 exf4 12. O-O fxe3 13. fxe3 Nh6 14. d5 Nb8 15. Nd4 a6 16. Qb3 Nd7 17. Nc2 Nc5 18. Qb6 Na4 19. Qxd8+ Kxd8 20. Nxa1 Bc5 21.
Nc2 Re8 22. Bb3 Nb2 23. Nd2 Rxe3 24. Nxe3 Bxe3+ 25. Kh1 Bxd2 26. Bc2 Bxc3 27. h3 g6 28.
Be4 Be5 29. d6 b5 30. Bb7 Bxd6 31. Bxa6 b4 32. Bb5 Be5 33. Re1 f6 34. Re4 Bc3 35. Re8+ Kc7 36. Re7+ Kb6 37. Be2 Nf5 38. Rxh7 Ng3+ 39.
Kh2 Nxe2 40. Rg7 g5 41. g3 Be5 42. Kg2 Nxg3 0-1

[Event "GrandPrix_30.05"]
[Site "Chess.com"]
[Date "2020.05.30"]
[Round "3"]
[White "Promacherr"]
[Black "Chessbuster123"]
[Result "1-0"]
[WhiteElo "2145"]
[BlackElo "1924"]
[TimeControl "600+2"]
[EndTime "9:22:57 PDT"]
[Termination "Promacherr won by resignation"]

1. e4 c5 2. Nf3 d6 3. d4 cxd4 4. Nxd4 Nf6 5. Nc3 a6 6. Bc4 e6 7. Bb3 b5 8. f4 Qc7 9. O-O Be7 10. f5 b4 11. Na4 e5 12. Nf3 Bb7 13. Be3 Nbd7 14.
c3 Bxe4 15. Bxf7+ Kxf7 16. Ng5+ Kg8 17. Nxe4 d5 18. Nxf6+ Nxf6 19. cxb4 Rb8 20. a3 h6 21. Rc1 Qd8 22. Rc6 d4 23. Bf2 a5 24. Bg3 Qd5 25.
Re6 Bd6 26. bxa5 Kh7 27. Nb6 Qc5 28. b4 Qc7 29. Re1 Rhe8 30. Qb3 Rxe6 31. Qxe6 Re8 32. Qc4 Qb7 33. Rc1 Ne4 34. Qb5 Nxg3 35. hxg3 Rd8 36. Qd3 Bc7 37. Re1 Bxb6 38. axb6 Qxb6 39. Rxe5 Kh8 40. Re6 Qc7 41. f6 Qc1+ 42. Kh2 Qg5 43. fxg7+ Kxg7 44. Re4 Qf6 45. Rg4+ Kh8 46. Rg6 Qf8 47.
b5 Rd6 48. b6 Qd8 49. Rxd6 Qxd6 50. b7 Qb6 51. Qe4 Kg7 52. Qe7+ Kg6 53. Qe8+ Kh7 54. b8=Q 1-0

[Event "GrandPrix_30.05"]
[Site "Chess.com"]
[Date "2020.05.30"]
[Round "3"]
[White "mishikomchedlishvili"]
[Black "Vnebo"]
[Result "1-0"]
[WhiteElo "2468"]
[BlackElo "2144"]
[TimeControl "600+2"]
[EndTime "9:22:59 PDT"]
[Termination "mishikomchedlishvili won by resignation"]

1. d4 d5 2. Nf3 Nf6 3. g3 e6 4.
Bg2 Be7 5. O-O O-O 6. c4 c6 7.
Qc2 Nbd7 8. Nbd2 b6 9. e4 dxc4 10. Nxc4 Bb7 11. e5 Nd5 12. h4 h6 13. Qe4 c5 14.
Qg4 Kh7 15. Qh5 cxd4 16. Nxd4 Nc5 17. Rd1 Rc8 18. Nb5 Qd7 19. Nbd6 Bxd6 20. Nxd6 Rcd8 21. Bg5 Rb8 22. Rd4 a5 23. Rad1 Ba8 24. Ne4 Nxe4 25. Bxe4+ Kg8 26. Bxh6 gxh6 27. Qxh6 f5 28. exf6 Rxf6 29.
Qxf6 Nxf6 30. Rxd7 Bxe4 31. Rd8+ Rxd8 32. Rxd8+ Kf7 33.
Rd6 Nd5 34. a3 b5 35. g4 a4 36. Kh2 Nf4 37. Rd4 1-0

[Event "GrandPrix_30.05"]
[Site "Chess.com"]
[Date "2020.05.30"]
[Round "3"]
[White "tianachess"]
[Black "Salnaa"]
[Result "0-1"]
[WhiteElo "1993"]
[BlackElo "2168"]
[TimeControl "600+2"]
[EndTime "9:23:10 PDT"]
[Termination "Salnaa won by resignation"]

1. d4 d5 2. c4 c6 3. Nf3 Nf6 4. e3 a6 5. Qc2 Bg4 6. Nbd2 e6 7.
Bd3 Be7 8. O-O O-O 9. Ne5 Bh5 10. b3 Nbd7 11. Bb2 Rc8 12. f4 Bg6 13. Nxg6 hxg6 14. Nf3 c5 15. Rac1 cxd4 16. exd4 dxc4 17. bxc4 b5 18.
c5 Nd5 19. Qd2 Nxc5 20. dxc5 Bxc5+ 21. Rxc5 Rxc5 22. Rd1 Rc8 23. g3 Qd6 24. Kg2 Rfd8 25. Be4 Qc5 26. Bd4 Qc4 27. Bd3 Qa4 28. Rb1 b4 29. Qb2 a5 30. Bxg7 Nc3 31. Bxc3 Rxc3 32. Ne1 Rdxd3 33. Nxd3 Rc2+ 34. Kh3 Rxb2 35. Rxb2 Qa3 36.
Rd2 Qc3 37. Rd1 Qc2 38. Rc1 Qxd3 39. Rc8+ Kg7 0-1

[Event "GrandPrix_30.05"]
[Site "Chess.com"]
[Date "2020.05.30"]
[Round "3"]
[White "Malysch"]
[Black "Frozygul"]
[Result "0-1"]
[WhiteElo "2296"]
[BlackElo "2174"]
[TimeControl "600+2"]
[EndTime "9:23:12 PDT"]
[Termination "Frozygul won on time"]

1. d4 d5 2. c4 dxc4 3. e4 b5 4. a4 c6 5. Nc3 a6 6. Nf3 Bb7 7. g3 e6 8. Bg2 Ne7 9. O-O Nd7 10.
Qe2 Ng6 11. Rd1 Be7 12. h4 O-O 13. h5 Nh8 14. d5 cxd5 15. exd5 exd5 16. Nxd5 Re8 17. h6 Ng6 18. hxg7 Bc5 19. Qc2 Nf6 20. Bg5 Bxd5 21. Bxf6 Qxf6 22. Rxd5 Ba7 23. Rad1 Rad8 24. axb5 axb5 25. Rxb5 Rxd1+ 26. Qxd1 Ne5 27. Nxe5 Bxf2+ 28. Kf1 Rxe5 29. Rxe5 Bxg3+ 30. Qf3 Qxe5 31. Qc3 Qf4+ 32. Bf3 h5 33. Ke2 h4 34. Qe3 Qf6 35. Qc3 Qb6 36. Bd5 Qf2+ 37. Kd1 Qf1+ 38. Kc2 Qf5+ 0-1

[Event "GrandPrix_30.05"]
[Site "Chess.com"]
[Date "2020.05.30"]
[Round "3"]
[White "Hakob-Hakobyan-Arm"]
[Black "moro182"]
[Result "0-1"]
[WhiteElo "2162"]
[BlackElo "2525"]
[TimeControl "600+2"]
[EndTime "9:23:17 PDT"]
[Termination "moro182 won by resignation"]

1. Nf3 d5 2. g3 Nf6 3. Bg2 c5 4. O-O Nc6 5. d4 e6 6. c4 dxc4 7. Ne5 Bd7 8. Na3 cxd4 9. Naxc4 Qc7 10. Bf4 Nh5 11. Nxd7 Nxf4 12. Nxf8 Nxg2 13. Nxe6 fxe6 14. Kxg2 O-O 15. Rc1 Kh8 16. Qd3 e5 17. Qe4 Rad8 18.
b4 Nxb4 19. Nxe5 Qd6 20. Nc4 Qf6 21. Qxb7 Nxa2 22. Ra1 Nc3 23. Rxa7 Nxe2 24. f4 d3 25. Ne5 d2 26. Qb3 Qd6 27. Nf7+ Rxf7 28. Rxf7 h6 29. Rd1 Qc6+ 30. Kh3 Nc3 31. Rxd2 Qc8+ 32. f5 Rxd2 33. Qb4 Rd8 34. Qe7 Re8 35. Qd6 Ne4 36. Qd4 Ng5+ 0-1

[Event "GrandPrix_30.05"]
[Site "Chess.com"]
[Date "2020.05.30"]
[Round "3"]
[White "bernereremit"]
[Black "JonahWillow"]
[Result "0-1"]
[WhiteElo "2072"]
[BlackElo "2244"]
[TimeControl "600+2"]
[EndTime "9:23:17 PDT"]
[Termination "JonahWillow won on time"]

1. e4 c5 2. Nc3 Nc6 3. Nf3 g6 4.
d4 cxd4 5. Nxd4 Bg7 6. Be3 Nf6 7.
Bc4 O-O 8. Bb3 d6 9. f3 Bd7 10. h4 Nxd4 11. Bxd4 b5 12. h5 a5 13. hxg6 hxg6 14.
Nd5 a4 15. Nxf6+ exf6 16. Bd5 Rc8 17. Qd2 Be6 18. O-O-O Qc7 19. Kb1 b4 20. g4 Bxd5 21. exd5 Qc4 22. g5 fxg5 23. Qh2 f6 24. Rd2 b3 25. cxb3 axb3 26. axb3 Qxd5 27. Bc3 Qf5+ 28. Kc1 Qxf3 29. Rhd1 Ra8 30. Qxd6 Ra1+ 31. Kc2 Qf5+ 32. Qd3 Rxd1 33. Rxd1 Kf7 34. b4 g4 35. b5 Rb8 36.
Qxf5 gxf5 37. Rd5 Ke6 38. Rc5 g3 39. Be1 f4 40. Kd3 Bf8 41. Rc6+ Kf5 42. b6 Be7 43. Ke2 Kg4 44. b4 f3+ 45. Kf1 g2+ 46. Kf2 f5 47. Rg6+ Kh5 48. Rg7 Bf6 0-1

[Event "GrandPrix_30.05"]
[Site "Chess.com"]
[Date "2020.05.30"]
[Round "3"]
[White "EvgenyPigusov"]
[Black "Valeriy_Neverov"]
[Result "1-0"]
[WhiteElo "2263"]
[BlackElo "2070"]
[TimeControl "600+2"]
[EndTime "9:23:20 PDT"]
[Termination "EvgenyPigusov won on time"]

1. e4 c5 2. c3 e6 3. d4 d5 4. exd5 exd5 5. Nf3 Nf6 6. Bb5+ Bd7 7. Qe2+ Be7 8.
dxc5 O-O 9. O-O Bxc5 10. Bg5 Re8 11. Qd3 Qb6 12. Bxd7 Nbxd7 13. b4 Bf8 14. Nbd2 Rac8 15. Rac1 h6 16. Be3 Qc7 17. h3 a6 18. a3 Nb6 19.
Rfd1 Na4 20. Rc2 b5 21. Rdc1 Qb7 22. Nd4 Ne4 23. N4b3 Re6 24. Nxe4 dxe4 25. Qe2 Nb6 26. Na5 Qd7 27. Bxb6 Rxb6 28. Qxe4 Re6 29. Qb7 Rc7 30. Qa8 Rc8 31. Qb7 Rc7 32. Qf3 Qe8 33. c4 Bd6 34. g3 Rce7 35. Nc6 Re1+ 36. Kg2 R7e6 37. Nd4 Rf6 38.
Rxe1 Qxe1 39. Qe2 Qxe2 40. Nxe2 bxc4 41. Rxc4 Be5 42. Nc3 Rd6 43. Ne4 Rd3 44. a4 Ra3 45. a5 Ra2 46. Nc5 1-0

[Event "GrandPrix_30.05"]
[Site "Chess.com"]
[Date "2020.05.30"]
[Round "3"]
[White "Olghita64"]
[Black "vagpat"]
[Result "1-0"]
[WhiteElo "2055"]
[BlackElo "2209"]
[TimeControl "600+2"]
[EndTime "9:23:22 PDT"]
[Termination "Olghita64 won by resignation"]

1. Nf3 Nf6 2. c4 g6 3. Nc3 Bg7 4. e4 d6 5. d4 O-O 6. Be2 b6 7. O-O Bb7 8. d5 e5 9. Ne1 Nbd7 10.
Nd3 a5 11. Bg5 h6 12. Be3 Nc5 13. f3 Nh5 14. a3 Nxd3 15. Qxd3 Nf4 16. Qd2 Nxe2+ 17.
Nxe2 Kh7 18. b4 f5 19. exf5 gxf5 20. f4 axb4 21. axb4 Rxa1 22. Rxa1 exf4 23. Bd4 f3 24. Bxg7 f2+ 25. Kxf2 Kxg7 26. Nf4 Qh4+ 27. Kg1 Rf7 28.
g3 Qg4 29. Ne6+ Kh7 30. Nd8 Re7 31. Nxb7 Re2 32. Qd3 Qh5 33. h3 Rb2 34. Rf1 Qxh3 35. Qxf5+ Qxf5 36. Rxf5 Kg6 37. Rf4 Rxb4 38. Nd8 b5 39.
cxb5 Rxb5 40. Nc6 Kg5 41. Ne7 Rb3 42. Kg2 Rc3 43. Kh3 h5 44. Rf5+ Kh6 45. Kh4 Rc4+ 46. Rf4 Rc1 47. Rf6+ Kg7 48. Kg5 Re1 49. Nf5+ Kh7 50.
Rf7+ Kg8 51. Kg6 Re4 52. Nh6+ 1-0

[Event "GrandPrix_30.05"]
[Site "Chess.com"]
[Date "2020.05.30"]
[Round "3"]
[White "AvitalBor"]
[Black "woodhy"]
[Result "1-0"]
[WhiteElo "2642"]
[BlackElo "2191"]
[TimeControl "600+2"]
[EndTime "9:23:23 PDT"]
[Termination "AvitalBor won by resignation"]

1. e4 e6 2. d4 d5 3. Nd2 c5 4.
exd5 exd5 5. Ngf3 Nc6 6. Bb5 Bd6 7.
dxc5 Bxc5 8. O-O Ne7 9. Nb3 Bd6 10. c3 O-O 11. h3 Bf5 12. Bd3 Qd7 13. Bxf5 Nxf5 14.
Qd3 Rfe8 15. Rd1 Rad8 16. Bg5 Nfe7 17. Nbd4 h6 18. Bh4 Ne5 19. Nxe5 Bxe5 20. Nf3 Bb8 21.
Re1 g5 22. Bg3 Bxg3 23. fxg3 Qf5 24. Rad1 Qxd3 25. Rxd3 Nf5 26. Rxe8+ Rxe8 27. g4 Ne3 28. b3 f5 29. gxf5 Nxf5 30. Rxd5 Ng3 31. c4 Ne2+ 32.
Kh2 Nf4 33. Re5 Rd8 34. Kg3 Ng6 35. Rc5 Rd7 36. Ne5 Nxe5 37. Rxe5 Rd2 38. Re7 Rxa2 39.
Rxb7 a5 40. c5 Rc2 41. Rb5 Kf7 42. Rxa5 Rc3+ 43. Kg4 Rxb3 44. Kf5 Rg3 45. c6 Ke7 46. Rc5 Kd8 47. Rc2 h5 48. c7+ Kc8 49. Kg6 h4 50. Kh5 g4 51. Kxh4 Rxg2 52. Rxg2 gxh3 1-0

[Event "GrandPrix_30.05"]
[Site "Chess.com"]
[Date "2020.05.30"]
[Round "3"]
[White "Arasvard"]
[Black "Forking_U"]
[Result "1-0"]
[WhiteElo "2011"]
[BlackElo "2079"]
[TimeControl "600+2"]
[EndTime "9:23:23 PDT"]
[Termination "Arasvard won on time"]

1. d4 d5 2. c4 c6 3. Nf3 Nf6 4. Nc3 e6 5. Bg5 h6 6. Bxf6 Qxf6 7. Qb3 a5 8. e4 dxe4 9. Nxe4 Bb4+ 10. Kd1 Qf4 11.
Bd3 Be7 12. Ne5 Qh4 13. g3 Qh3 14. Ke2 a4 15. Qc2 Nd7 16. f4 Nxe5 17. fxe5 Bd7 18. Raf1 Rd8 19. Rf4 Bc8 20. Rhf1 Rxd4 21. Rxf7 Qh5+ 22.
R7f3 Qxe5 23. Re3 Qh5+ 24. Kd2 Rf8 25. Rxf8+ Kxf8 26. h4 e5 27. Qxa4 Qg4 28. Kc3 Rxd3+ 29. Kxd3 Qd7+ 30. Kc2 Qd4 31. Qb3 Bf5 32. Qd3 Bc5 33.
Qxd4 Bxd4 34. Rf3 g6 35. g4 1-0

[Event "GrandPrix_30.05"]
[Site "Chess.com"]
[Date "2020.05.30"]
[Round "3"]
[White "Glek_Igor"]
[Black "eristeski7"]
[Result "1-0"]
[WhiteElo "2459"]
[BlackElo "2164"]
[TimeControl "600+2"]
[EndTime "9:23:24 PDT"]
[Termination "Glek_Igor won by resignation"]

1. e4 c5 2. Nf3 Nc6 3. Bb5 g6 4. O-O Bg7 5. Re1 Nf6 6. c3 O-O 7. e5 Nd5 8. d4 cxd4 9. cxd4 d6 10. Nc3 Nc7 11. exd6 exd6 12. Bg5 f6 13. Bf4 Bg4 14.
d5 Ne5 15. Be2 Bxf3 16. Bxf3 f5 17. Be2 Na6 18. Nb5 Qf6 19. Qd2 Nf7 20. Rab1 Nc5 21. Be3 f4 22. Bd4 Ne5 23. Bg4 Qg5 24. Bxe5 Bxe5 25.
Bh3 Qf6 26. Nc7 Rab8 27. Qc2 Qe7 28. Ne6 Nxe6 29. Bxe6+ Kh8 30. Re4 f3 31. g3 Qf6 32.
Qd2 Kg7 33. Rc1 h5 34. Rc7+ 1-0

[Event "GrandPrix_30.05"]
[Site "Chess.com"]
[Date "2020.05.30"]
[Round "3"]
[White "VolodymyrMolyboha"]
[Black "Mikhail_Golubev"]
[Result "0-1"]
[WhiteElo "2199"]
[BlackElo "2086"]
[TimeControl "600+2"]
[EndTime "9:23:32 PDT"]
[Termination "Mikhail_Golubev won on time"]

1. e4 c5 2. Nf3 d6 3. Bb5+ Bd7 4. Bxd7+ Qxd7 5. O-O Nf6 6. Re1 Nc6 7. c4 g6 8. Nc3 Bg7 9. d3 O-O 10. h3 a6 11. Be3 Rab8 12. Rc1 b5 13. b3 Qd8 14. Qd2 Re8 15. Bh6 Bh8 16. Bg5 Qa5 17. Re2 Nd7 18.
Be3 Bg7 19. Qe1 Nd4 20. Bxd4 cxd4 21. Nd1 Qa3 22. Qd2 Nc5 23. Rc2 a5 24. Ne1 a4 25.
b4 Na6 26. cxb5 Rxb5 27. Nb2 Qxb4 28. Nf3 Qxd2 29. Rcxd2 Nc5 30. Nc4 Rb1+ 31. Kh2 Rc1 32. Na3 Bh6 33. Rc2 Nxd3 0-1

[Event "GrandPrix_30.05"]
[Site "Chess.com"]
[Date "2020.05.30"]
[Round "3"]
[White "grzechu96"]
[Black "ChessQueen"]
[Result "0-1"]
[WhiteElo "2401"]
[BlackElo "2255"]
[TimeControl "600+2"]
[EndTime "9:23:36 PDT"]
[Termination "ChessQueen won by resignation"]

1. e4 c6 2. d4 d5 3. Nc3 dxe4 4. Nxe4 Nf6 5. Nxf6+ exf6 6. c3 Bd6 7. Bd3 O-O 8.
Qc2 Re8+ 9. Ne2 h5 10. O-O h4 11. h3 Nd7 12. Bd2 Nf8 13. Rae1 Be6 14. Bf4 Rc8 15. Qd2 Ng6 16. Bxd6 Qxd6 17. a3 Rcd8 18. Qc2 Ne7 19. Kh1 c5 20. Rd1 f5 21. dxc5 Qxc5 22. Nd4 Bc8 23. Rfe1 g6 24. Qc1 Nc6 25. Rxe8+ Rxe8 26. Nxc6 Qxc6 27. Qf4 Be6 28. Qxh4 Bb3 29. Rc1 Bd5 30. Bf1 Re4 31. Qd8+ Kg7 32. c4 Be6 33. Qd3 Qc5 34. Qd2 f4 35. b4 Qe5 36. Bd3 Rd4 37. Qe2 Qg5 38. Be4 f3 0-1

[Event "GrandPrix_30.05"]
[Site "Chess.com"]
[Date "2020.05.30"]
[Round "3"]
[White "FLamps8"]
[Black "NikolaN98"]
[Result "0-1"]
[WhiteElo "2239"]
[BlackElo "2194"]
[TimeControl "600+2"]
[EndTime "9:23:38 PDT"]
[Termination "NikolaN98 won by checkmate"]

1. d4 e6 2. Nc3 Bb4 3. e4 d5 4. exd5 exd5 5. Bd3 Nc6 6. Ne2 Nge7 7. a3 Bxc3+ 8. Nxc3 Be6 9. Be3 Qd7 10. Qd2 O-O 11. O-O-O a6 12. h3 b5 13. g4 b4 14. Nb1 Rfb8 15.
a4 b3 16. c3 Na5 17. f4 Nc4 18.
Bxc4 dxc4 19. f5 Bd5 20. Rhf1 Be4 21. Na3 Nd5 22. f6 Nxf6 23. Nxc4 Nd5 24. Qf2 Bg6 25. h4 Qxa4 26. h5 Qxc4 27. hxg6 f6 28. gxh7+ Kh8 29. g5 fxg5 30. Bxg5 Qa4 31. Kd2 Qa2 32. Kd3 Qa5 33. Qg3 Re8 34. Rde1 Qb5+ 35. Kd2 Nb6 36. Bf6 gxf6 37.
Rxf6 Nc4+ 38. Kc1 Qg5+ 39. Qxg5 Rxe1# 0-1

[Event "GrandPrix_30.05"]
[Site "Chess.com"]
[Date "2020.05.30"]
[Round "3"]
[White "VojtechPlat"]
[Black "cassoulet"]
[Result "0-1"]
[WhiteElo "2234"]
[BlackElo "2168"]
[TimeControl "600+2"]
[EndTime "9:23:44 PDT"]
[Termination "cassoulet won by resignation"]

1. e4 c5 2. Nf3 Nc6 3. c3 Nf6 4. e5 Nd5 5. Bc4 Nb6 6. Bb3 c4 7. Bc2 Qc7 8. Qe2 g5 9. Na3 g4 10. Nb5 Qb8 11. Nfd4 Nxe5 12. O-O a6 13. Na3 d5 14.
Re1 Bg7 15. d3 cxd3 16. Bxd3 e6 17. Bc2 Bd7 18. Kh1 O-O 19. Bf4 f6 20. c4 Qe8 21.
c5 Nbc4 22. Nxc4 dxc4 23. Qe4 Ng6 24. Bd6 f5 25. Qe3 e5 26. Bxf8 Qxf8 27. Ne2 Bc6 28. Qg5 Qxc5 29. Bxf5 Qxf2 30. Qxg4 Bxg2+ 31. Qxg2 Qxf5 32. Qxb7 Rf8 33. Qd5+ Kh8 34. Rf1 Qc2 35. Rxf8+ Bxf8 36. Re1 Qxb2 37. Qxc4 Qb7+ 38. Kg1 Qb6+ 39. Kf1 Bc5 40. Qf7 Qc6 41. Ng3 Nf4 42. Ne4 Qb5+ 0-1

[Event "GrandPrix_30.05"]
[Site "Chess.com"]
[Date "2020.05.30"]
[Round "3"]
[White "temus_galaktionov"]
[Black "Bulldog167"]
[Result "0-1"]
[WhiteElo "2577"]
[BlackElo "2485"]
[TimeControl "600+2"]
[EndTime "9:23:47 PDT"]
[Termination "Bulldog167 won by resignation"]

1. d4 Nf6 2. Nf3 d5 3. c4 e6 4.
Nc3 Nbd7 5. cxd5 exd5 6. Bg5 c6 7. e3 Bd6 8. Bd3 Nf8 9. Bh4 Ng6 10. Bg3 Bg4 11. Qb3 Bxf3 12. gxf3 Rb8 13. O-O-O O-O 14. h4 Nh5 15. Rdg1 Nxg3 16. fxg3 Qb6 17. Qc2 Rfe8 18. h5 Nf8 19. Qd2 Bb4 20. a3 Bxc3 21. Qxc3 Rbc8 22. Bf5 Rc7 23. Kb1 c5 24. Rc1 c4 25. Rce1 Qd6 26. g4 b5 27. e4 Rb8 28. e5 Qe7 29. Qb4 Ne6 30. Bxe6 fxe6 31. Qd6 Rd8 32. Qa6 Rb8 33.
Qd6 b4 34. a4 Rd8 35. Qa6 Qd7 36. Rhf1 Rb8 37. f4 Rb6 38. Qa5 c3 39. b3 c2+ 40.
Kb2 Rc3 41. f5 Qc7 42. fxe6 Rxb3+ 43. Ka2 Ra3+ 0-1

[Event "GrandPrix_30.05"]
[Site "Chess.com"]
[Date "2020.05.30"]
[Round "3"]
[White "switlave"]
[Black "Keks2017"]
[Result "1/2-1/2"]
[WhiteElo "2184"]
[BlackElo "2353"]
[TimeControl "600+2"]
[EndTime "9:23:50 PDT"]
[Termination "Game drawn - insufficient material"]

1. d4 d6 2. Bf4 Nf6 3. e3 g6 4. Nf3 Bg7 5. Be2 O-O 6. h3 c5 7.
c3 Be6 8. Nbd2 Qb6 9. Qb1 Rc8 10. O-O Bf5 11. Nc4 Qd8 12. Qd1 b5 13. Ncd2 Nbd7 14.
Bxb5 Qb6 15. Qe2 a6 16. Bxd7 Bxd7 17. Rab1 cxd4 18. exd4 Bf5 19. Qxe7 Bxb1 20. Rxb1 Rd8 21. Nc4 Qa7 22. Qxa7 Rxa7 23. Nxd6 Nd5 24. Bg3 Bf8 25. Ne4 f5 26. Nc5 Re8 27. Be5 a5 28. Kf1 Nb6 29. b3 Nd5 30. c4 Nb4 31. a3 Nc6 32. b4 axb4 33. axb4 Ra2 34. Nd3 Ra3 35. Ke2 Bg7 36.
Kd2 Ra2+ 37. Kc3 Bh6 38. b5 Nxe5 39. Nfxe5 Bd2+ 40. Kb3 Rea8 41. c5 R8a4 42. b6 R2a3+ 43. Kc2 Ra2+ 44. Rb2 Ba5 45. Rxa2 Rxa2+ 46. Kb3 Ra1 47. Kc4 Rb1 48. Nc6 Bxb6 49. cxb6 Rxb6 50. Kc5 Rb3 51. Nde5 Rb2 52. d5 Rc2+ 53. Kd6 Rxf2 54. Ke7 Rxg2 55. d6 Rd2 56. d7 Kg7 57. Nc4 Rxd7+ 58.
Kxd7 Kf6 59. Nd4 Kg5 60. Nf3+ Kf4 61. Nce5 g5 62. Ke6 g4 63. h4 gxf3 64. Nxf3 Kg4 65. Ke5 f4 66. Ke4 h6 67. Ne5+ Kxh4 68. Kxf4 Kh3 69.
Nf7 Kg2 70. Nxh6 1/2-1/2

[Event "GrandPrix_30.05"]
[Site "Chess.com"]
[Date "2020.05.30"]
[Round "3"]
[White "PavelShkapenko"]
[Black "GeorgMeier"]
[Result "1/2-1/2"]
[WhiteElo "2447"]
[BlackElo "2643"]
[TimeControl "600+2"]
[EndTime "9:23:52 PDT"]
[Termination "Game drawn by agreement"]

1. e4 e6 2. d4 d5 3. exd5 exd5 4. Nf3 c6 5. c4 Bb4+ 6. Nc3 Ne7 7. Bd3 Bf5 8. O-O O-O 9. Bxf5 Nxf5 10. Qd3 g6 11. cxd5 Bxc3 12. dxc6 Nxc6 13. bxc3 Rc8 14. Re1 Qc7 15.
Bg5 Na5 16. Rac1 f6 17. Bd2 Qc4 18. Qxc4+ Nxc4 19. g4 Nfd6 20. Bf4 f5 21. Bxd6 Nxd6 22. gxf5 Rxf5 23. Ne5 Nb5 24. Rb1 Nxc3 25. Rxb7 Re8 26. Kf1 a6 27. a4 Rf4 28. Rc1 Nd5 29. h3 Ref8 30. f3 Rxd4 31. Kf2 Rd2+ 32. Kg1 Re2 33. Ng4 Re7 34. Rxe7 Nxe7 35. Kg2 Nd5 36. Kg3 Kg7 37.
Rc6 a5 38. Ra6 Rf7 39. Rxa5 1/2-1/2

[Event "GrandPrix_30.05"]
[Site "Chess.com"]
[Date "2020.05.30"]
[Round "3"]
[White "IriBu"]
[Black "Sakkcapak"]
[Result "0-1"]
[WhiteElo "2283"]
[BlackElo "2174"]
[TimeControl "600+2"]
[EndTime "9:23:54 PDT"]
[Termination "Sakkcapak won by resignation"]

1. e4 e6 2. d4 d5 3. Nc3 Nf6 4. Bg5 Bb4 5. e5 h6 6. Bh4 g5 7. Bg3 Ne4 8. Ne2 f5 9. f3 Nxc3 10. Nxc3 Bxc3+ 11. bxc3 c5 12. Qd2 Qa5 13. dxc5 Qxc5 14.
h4 Rg8 15. hxg5 hxg5 16. Rh7 Nc6 17. Bf2 Qa5 18. a4 Bd7 19. Bb5 O-O-O 20. Bd4 Rh8 21. Rxh8 Rxh8 22. Kf2 g4 23. Rb1 gxf3 24. Kxf3 a6 25.
Bxc6 Bxc6 26. Rb4 Qd8 27. Rb6 Qh4 28. Qf4 Qe1 29. Qg5 Qf1+ 30. Bf2 d4+ 31. Rxc6+ bxc6 32.
cxd4 Qd1+ 33. Kg3 Qxc2 34. Be3 Qe2 35. Bf4 Qh5 36. Qe7 Qg4+ 37. Kf2 Qxf4+ 38. Ke2 Qe4+ 39. Kd2 Qxd4+ 40. Kc2 Qxa4+ 41. Kc3 Qa5+ 42. Kc2 Qxe5 43. Qa7 Qe4+ 44. Kc3 Qe5+ 45. Kc2 Rd8 46. Qxa6+ Kd7 47. Qb7+ Qc7 48. Qb4 Qd6 49. Qb7+ Ke8 50. Qg7 Qd3+ 51. Kb2 Rb8+ 0-1

[Event "GrandPrix_30.05"]
[Site "Chess.com"]
[Date "2020.05.30"]
[Round "3"]
[White "wnstop"]
[Black "vpantev"]
[Result "1-0"]
[WhiteElo "2285"]
[BlackElo "2588"]
[TimeControl "600+2"]
[EndTime "9:23:55 PDT"]
[Termination "wnstop won by resignation"]

1. e4 c6 2. d4 d5 3. e5 Bf5 4. Bd3 e6 5. Bxf5 exf5 6. Qd3 g6 7. Ne2 Na6 8. h4 h5 9. Bg5 Be7 10. Bxe7 Qxe7 11. Nd2 Nc7 12. Nf4 Nh6 13. O-O-O O-O-O 14. Nf3 Ne6 15. Qd2 Rdf8 16. g3 Kb8 17. Kb1 Rd8 18. Ka1 Ng4 19. Rhf1 Nh6 20. Rfe1 Ng4 21. Re2 Rd7 22. c3 Nh6 23. Nd3 Ng8 24. Ng5 Rd8 25.
b4 Qe8 26. Nc5 b6 27. Nd3 Ne7 28. Nf3 Nc8 29. Rb1 Rd7 30. Qb2 Rb7 31. a4 Qd7 32. Qc1 Qe7 33. Reb2 Rc7 34. Nc5 Ka8 35. Nxe6 fxe6 36.
Ng5 Qd7 37. Nh3 Qg7 38. Nf4 Re8 39. Nd3 Ne7 40. Qg5 Qf7 41. Nf4 Rf8 42. Re1 Kb7 43. a5 Kc8 44. Ra2 Kd7 45. axb6 axb6 46. Ra6 Rb8 47.
Qf6 Qg8 48. Kb2 Rf8 49. Qg5 Rb8 50. Rea1 c5 51. dxc5 Qc8 52. Qf6 Rc6 53. Nxg6 Nxg6 54. Qxg6 bxc5 55. Qf7+ Kd8 56. Rxc6 Qxc6 57. Ra7 1-0

[Event "GrandPrix_30.05"]
[Site "Chess.com"]
[Date "2020.05.30"]
[Round "3"]
[White "Andrei_Belozerov"]
[Black "SuperFineHipster"]
[Result "1/2-1/2"]
[WhiteElo "2442"]
[BlackElo "2198"]
[TimeControl "600+2"]
[EndTime "9:23:55 PDT"]
[Termination "Game drawn by repetition"]

1. e4 c5 2. Nf3 d6 3. d4 cxd4 4. Nxd4 Nf6 5. Nc3 a6 6. Be3 e5 7. Nb3 Be6 8. f3 h5 9. Nd5 Bxd5 10. exd5 Nbd7 11. Qd2 Rc8 12. Rc1 g6 13. c4 Bg7 14.
Be2 O-O 15. O-O b6 16. Na1 a5 17. Nc2 Nc5 18. Na3 e4 19. Nb5 exf3 20. Bxf3 Ng4 21. Bxg4 hxg4 22. Bd4 f5 23. Bxg7 Kxg7 24. Rce1 Qf6 25.
b3 Rce8 26. Nc7 Re7 27. Rxe7+ Qxe7 28. Ne6+ Nxe6 29. dxe6 Qxe6 30. Qd4+ Qe5 31. Qxb6 Re8 32. Rd1 g3 33. hxg3 Qxg3 34. Qd4+ Re5 35. Qf2 Qc3 36.
Qd4 Qg3 37. Qf2 Qc3 38. Kh2 Re4 39. Qg3 Qf6 40. Qxd6 Qh4+ 41. Kg1 Re1+ 42. Rxe1 Qxe1+ 43. Kh2 Qh4+ 44. Kg1 Qe1+ 45. Kh2 Qh4+ 46. Kg1 Qe1+ 1/2-1/2